 Dungeon Crawl Stone Soup version 0.29-a0-298-g3c90f9a769 (webtiles) character file.

Game seed: 9909146465864893280

245636 Ajdolov the Spry (level 18, -11/86 (93) HPs)
             Began as a Spriggan Hunter on Mar 22, 2022.
             Was the Champion of Hepliaklqana.
             Killed from afar by a tengu reaver (51 damage)
             ... with a bolt of acid
             ... on level 1 of the Vaults.
             The game lasted 01:59:23 (43495 turns).

Ajdolov the Spry (Spriggan Hunter)                 Turns: 43495, Time: 01:59:23

HP:   -11/86 (93)   AC: 10    Str:  7    XL:     18   Next: 77%
MP:   0/26          EV: 42    Int:  9    God:    Hepliaklqana [******]
Gold: 2329          SH:  0    Dex: 30    Spells: 17/17 levels left

rFire   + . .      SeeInvis +   v - +9 fustibalus (freeze)
rCold   + + .      Faith    .   (shield currently unavailable)
rNeg    . . .      Spirit   +   Q - +0 troll leather armour
rPois   .          Reflect  .   q - +2 hat
rElec   .          Harm     .   o - +2 cloak
rCorr   .          Rampage  .   (gloves unavailable)
Will    +++..                   (boots unavailable)
Stlth   ++++++++..              U - amulet of guardian spirit
HPRegen 1.04/turn               T - ring of the Scarab {rC++ Int-4 Dex+6}
MPRegen 0.20/turn               X - ring of protection from fire

@: studying Evocations, drained, very quick
A: reduced essence, very small, no large weapons, unfitting armour, see
invisible, speed 3
}: 2/15 runes: serpentine, barnacled
a: Renounce Religion, Recall Ancestor, Ancestor Identity, Transference, Idealise


You were on level 1 of the Vaults.
You worshipped Hepliaklqana.
Hepliaklqana was exalted by your worship.
You visited 6 branches of the dungeon, and saw 33 of its levels.
You also visited: Gauntlet.

You collected 3128 gold pieces.
You spent 799 gold pieces at shops.

Inventory:

Hand Weapons
 v - a +9 fustibalus of freezing (weapon)
Missiles
 b - 5 throwing nets
 w - 35 poisoned darts
 y - 13 curare-tipped darts
Armour
 o - a +2 cloak (worn)
 q - a +2 hat (worn)
 Q - a +0 troll leather armour (worn)
Jewellery
 j - the ring of Eternal Night {rC+ Str+6 SInv}
   (You found it on level 1 of the Snake Pit)

   [ring of see invisible]

   Str:       It affects your strength (+6).
   rC:        It protects you from cold.
   SInv:      It lets you see invisible.
 D - a ring of poison resistance
 O - a ring of resist corrosion
 T - the ring of the Scarab (left hand) {rC++ Int-4 Dex+6}
   (You found it in a Gauntlet)

   [ring of dexterity]

   Int:       It affects your intelligence (-4).
   Dex:       It affects your dexterity (+6).
   rC:        It greatly protects you from cold.
 U - an amulet of guardian spirit (around neck)
 X - a ring of protection from fire (right hand)
Wands
 s - a wand of mindburst (9)
 B - a wand of flame (64)
 C - a wand of paralysis (4)
 E - a wand of acid (18)
 J - a wand of iceblast (26)
 P - a wand of digging (11)
 S - a wand of charming (8)
Scrolls
 a - 3 scrolls of fog
 c - 6 scrolls of immolation
 d - 4 scrolls of noise
 f - 4 scrolls of fear
 g - 9 scrolls of teleportation
 t - a scroll of brand weapon
 x - 6 scrolls of blinking
 A - 2 scrolls of silence
 G - 6 scrolls of amnesia
 H - a scroll of magic mapping
 L - 4 scrolls of identify
 M - a scroll of torment
 R - a scroll of enchant armour
Potions
 e - a potion of cancellation
 h - 3 potions of invisibility
 i - 7 potions of mutation
 k - 9 potions of curing
 l - 6 potions of flight
 m - 4 potions of brilliance
 n - 4 potions of might
 p - 2 potions of lignification
 r - 3 potions of haste
 u - 9 potions of heal wounds
 z - 7 potions of attraction
 I - 3 potions of berserk rage
 K - a potion of resistance
 W - a potion of magic
Miscellaneous
 N - a box of beasts
 V - a phial of floods


   Skills:
 - Level 15.0 Fighting
 - Level 18.0 Slings
 * Level 6.5 Armour
 - Level 20.0 Dodging
 - Level 20.0 Stealth
 - Level 10.0 Invocations
 - Level 20.0 Evocations


You had 17 spell levels left.
You didn't know any spells.
Your spell library contained the following spells:

 Spells                   Type           Power      Damage    Failure   Level
 Apportation              Tloc           0%         N/A       50%         1
 Foxfire                  Conj/Fire      0%         2x1d4     50%         1
 Magic Dart               Conj           0%         1d3       50%         1
 Call Imp                 Summ           0%         N/A       65%         2
 Searing Ray              Conj           0%         2d4       65%         2
 Conjure Flame            Conj/Fire      0%         6-21      86%         3
 Gell's Gravitas          Tloc           0%         N/A       86%         3
 Inner Flame              Hex/Fire       0%         N/A       86%         3
 Lesser Beckoning         Tloc           0%         N/A       86%         3
 Mephitic Cloud           Conj/Pois/Air  0%         N/A       86%         3
 Ozocubu's Armour         Ice            0%         N/A       86%         3
 Teleport Other           Tloc           0%         N/A       86%         3
 Tukima's Dance           Hex            0%         N/A       86%         3
 Airstrike                Air            0%         N/A       99%         4
 Anguish                  Hex/Necr       0%         N/A       99%         4
 Flame Wave               Conj/Fire      0%         2d4       99%         4
 Fulminant Prism          Conj/Hex       0%         3d6       99%         4
 Olgreb's Toxic Radiance  Pois           0%         N/A       99%         4
 Summon Lightning Spire   Summ/Air       0%         N/A       99%         4
 Alistair's Intoxication  Tmut/Pois      0%         N/A       100%        5
 Blade Hands              Tmut           0%         N/A       100%        5
 Freezing Cloud           Conj/Ice/Air   0%         6-21      100%        5
 Irradiate                Conj/Tmut      0%         3d14      100%        5
 Lightning Bolt           Conj/Air       0%         1d11      100%        5
 Metabolic Englaciation   Hex/Ice        0%         N/A       100%        5
 Summon Forest            Summ/Tloc      0%         N/A       100%        5
 Summon Mana Viper        Hex/Summ       0%         N/A       100%        5
 Dispersal                Tloc           0%         N/A       100%        6
 Eringya's Noxious Bog    Tmut/Pois      0%         N/A       100%        6
 Simulacrum               Ice/Necr       0%         N/A       100%        6
 Summon Cactus Giant      Summ           0%         N/A       100%        6
 Dragon Form              Tmut           0%         N/A       100%        7
 Enfeeble                 Hex            0%         N/A       100%        7
 Ozocubu's Refrigeration  Ice            0%         4d5       100%        7
 Summon Hydra             Summ           0%         N/A       100%        7
 Disjunction              Tloc           0%         N/A       100%        8
 Ignition                 Fire           0%         3d3       100%        8
 Polar Vortex             Ice            0%         N/A       100%        9


Dungeon Overview and Level Annotations

Branches:
Dungeon (15/15)            Temple (0/1) D:7            Lair (6/6) D:9
 Shoals (4/4) Lair:4        Snake (4/4) Lair:3        Slime (0/5) Lair:5
    Orc (2/2) D:12            Elf (0/3) Orc:2        Vaults (2/5) D:13
 Depths (0/4) D:15        Gauntlet (visited)
  Crypt: Vaults:2-3

Altars:
Fedhas
Gozag
Hepliaklqana
Okawaru
Xom
Zin
The Shining One
Beogh

Shops:
D:5 !   D:8 ?   D:11 (   Orc:2 :!:?   Snake:1 ==:   Snake:2 !   Snake:4 (

Annotations:
D:4 exclusion: phantom, Dowan, Duvessa, Menkaure
D:5 Grinder
D:9 6 transporters, 1 runed translucent door, Gnu's ghost, novice MiFi
Lair:2 exclusions: catoblepas and oklob plant
Lair:4 exclusion: oklob plant
Shoals:4 exclusion: 2 doors
Snake:3 3 runed translucent doors, Ajdolov's ghost, adept OgFE; kipponium's ghost, adept DsBe


Innate Abilities, Weirdness & Mutations

Your life essence is reduced to manifest your ancestor. (-10% HP)
You are very small and have problems with some larger weapons.
You are too small for most types of armour.
You have supernaturally acute eyesight. (SInv)
You cover ground extremely quickly. (Speed+++)


Message History

The sling bullet freezes the tengu reaver.
The tengu reaver is almost dead.
Octavius hits the tengu reaver with a +0 broad axe of flaming!
Octavius burns the tengu reaver.
Unknown command.
You shoot a sling bullet. Octavius avoids your attack.
The tengu reaver blocks the sling bullet.
The tengu reaver gestures at you while chanting.
The bolt of negative energy hits Octavius.
Octavius completely resists.
The bolt of negative energy misses you.
You shoot a sling bullet. Octavius avoids your attack.
The tengu reaver blocks the sling bullet.
Octavius completely misses the tengu reaver.
The tengu reaver casts a spell at you.
The bolt of negative energy hits Octavius.
Octavius completely resists.
The bolt of negative energy hits you!!!
You feel drained.
Octavius barely misses the tengu reaver.
You are too injured to fight recklessly!
Fire: v) +9 fustibalus (freeze)
Press: ? - help, Q - select action, (/) - cycle Shift-Dir - straight line, f/p - tengu reaver
Aim: a tengu reaver, wielding a +3 long sword of electrocution, wearing a +0 scale mail and wearing a +2 buckler of cold resistance (almost dead, ally target, 68% to hit)
You shoot a sling bullet. Octavius avoids your attack.
The sling bullet hits the tengu reaver but does no damage.
The tengu reaver is almost dead.
The tengu reaver points at you and mumbles some strange words.
The bolt of lightning hits Octavius!!
Octavius is destroyed!
The bolt of lightning misses you.
Unknown command.
Fire: v) +9 fustibalus (freeze)
Press: ? - help, Q - select action, (/) - cycle Shift-Dir - straight line, f/p - tengu reaver
Aim: a tengu reaver, wielding a +3 long sword of electrocution, wearing a +0 scale mail and wearing a +2 buckler of cold resistance (almost dead, 68% to hit)
You shoot a sling bullet.
The sling bullet closely misses the tengu reaver.
The tengu reaver gestures at you while chanting.
The bolt of acid hits you!!!
Ouch! That really hurt!
You die...

.......#.......#..+
+..#..†.#
.......#########..###
#..##...# .......# #..#.#
#..##...) .......#
#..#'#+#+#..###... .......#
#...........# ##.. .......#
#.Q......... ###
###'##+##########''########
..[................#
................@..#
...................#
.............).....#
..R................#
..R########........# ...#
#........# ...# #........#
...# #........# ...#
+.....^..#


You could see a tengu reaver.

Vanquished Creatures
  Vashnia (Snake:2)
  Jorgrun (Orc:1)
  Kirke (Lair:4)
  A storm dragon (Shoals:4)
  8 nagarajas
  An orc warlord (Vaults:1)
  2 vault wardens (Vaults:1)
  2 ironbound preservers (Vaults:1)
  An ironbound thunderhulk (Vaults:1)
  5 dire elephants (Vaults:1)
  5 merfolk javelineers
  7 merfolk impalers (Shoals:4)
  Josephine (Lair:5)
  A yaktaur captain (Vaults:1)
  11 naga warriors
  3 hydras
  2 ice dragons
  4 salamander tyrants
  An alligator snapping turtle (Shoals:4)
  8 anacondas
  4 centaur warriors
  6 boulder beetles
  A satyr (Shoals:3)
  An ironbound frostheart (Vaults:1)
  A death knight (D:14)
  5 merfolk aquamancers (Shoals:4)
  2 two-headed ogres
  9 death yaks
  A deep troll shaman (Lair:6)
  A tengu warrior (D:15)
  5 orc high priests (Orc:2)
  7 shock serpents
  12 naga sharpshooters
  Sonja (D:13)
  4 salamander mystics
  A sixfirhy (Gauntlet)
  4 sea snakes
  10 deep trolls
  An ironbound convoker (Vaults:1)
  3 bog bodies (Shoals:1)
  12 harpies
  2 wizards
  6 lindwurms
  5 naga ritualists
  11 orc knights
  8 mana vipers
  15 ugly things
  Pikel (D:6)
  An oklob plant (Gauntlet)
  A deep elf pyromancer (D:12)
  An orc sorcerer (Orc:1)
  A faun (Shoals:1)
  2 cyclopes
  7 manticores
  14 elephants
  5 water nymphs
  19 salamanders
  8 guardian serpents
  14 naga magi
  6 merfolk sirens
  22 black mambas
  2 cane toads
  3 rime drakes (D:12)
  An unseen horror (D:12)
  A kobold demonologist (D:14)
  An efreet (D:15)
  2 freezing wraiths
  11 komodo dragons
  A tengu conjurer (D:15)
  11 yaktaurs
  8 trolls
  3 meliai (D:15)
  A meliai (shapeshifter) (D:13)
  2 polar bears
  21 merfolk
  8 wind drakes
  A hornet (D:11)
  6 snapping turtles
  8 blink frogs (Lair:1)
  15 slime creatures
  5 dream sheep
  A shadow (D:11)
  Sigmund (D:6)
  A centaur simulacrum (D:12)
  6 air elementals (Shoals:4)
  A spriggan (shapeshifter) (D:14)
  5 water elementals (Shoals:4)
  A yak (shapeshifter) (D:13)
  2 wraiths
  A wyvern (Lair:6)
  29 yaks
  A golden eye (shapeshifter) (D:15)
  A steam dragon (Lair:4)
  2 vampire mosquitoes (D:14)
  Edmund (D:4)
  2 wargs (D:9)
  41 nagas
  A swamp worm (shapeshifter) (D:15)
  9 water moccasins
  2 acid dragons
  2 ice beasts
  9 ogres
  22 orc warriors
  A black bear (Lair:6)
  9 wolves
  26 centaurs
  A lemure (D:6)
  3 kobold brigands (D:14)
  A gnoll sergeant (D:12)
  13 bullfrogs
  4 scorpions (D:5)
  7 wights
  9 killer bees
  3 vampire bats (Orc:2)
  An electric eel (D:10)
  4 howler monkeys
  Crazy Yiuf (D:2)
  2 gnoll shamans
  24 orc priests
  Ijyb (D:5)
  5 iguanas
  15 orc wizards
  26 gnolls
  7 adders
  4 white imps
  4 ufetubi
  4 dart slugs
  88 orcs
  10 endoplasms
  A giant cockroach (D:4)
  4 goblins
  4 hobgoblins
  3 jackals (D:5)
  10 kobolds
  3 quokkas
  10 ball pythons
  10 bats
  2 frilled lizards (D:1)
  7 rats
  3 tentacles (Shoals:3)
888 creatures vanquished.

Vanquished Creatures (collateral kills)
  Polyphemus (Shoals:3)
  A kraken (Shoals:3)
  Ilsuiw (Shoals:3)
  Louise (Snake:3)
  An ironbound preserver (Vaults:1)
  A war gargoyle (Vaults:1)
  A dire elephant (Vaults:1)
  A minotaur (Gauntlet)
  Snorg (Lair:5)
  A merfolk javelineer (Shoals:3)
  A green death (Gauntlet)
  3 merfolk impalers
  2 naga warriors
  3 hydras
  3 catoblepae
  2 centaur warriors
  A merfolk avatar (Shoals:4)
  3 anacondas
  5 death yaks
  A shock serpent (Snake:1)
  2 naga sharpshooters
  Nergalle (Lair:1)
  A sea snake (Shoals:4)
  4 deep trolls (Vaults:1)
  A bog body (Shoals:1)
  A wizard (D:15)
  3 naga ritualists
  A deep elf pyromancer (D:12)
  A mana viper (Snake:4)
  4 harpies
  2 ugly things
  A faun (Shoals:1)
  A salamander (Snake:4)
  2 elephants (Lair:6)
  8 black mambas
  A water nymph (Shoals:4)
  2 merfolk sirens
  3 cane toads
  5 naga magi
  2 yaktaurs (Vaults:1)
  A troll (D:9)
  5 merfolk
  4 wind drakes
  A dream sheep (Lair:2)
  2 snapping turtles
  A slime creature (D:15)
  A vampire (D:9)
  2 wraiths (Lair:5)
  5 water elementals (Shoals:4)
  A basilisk (Lair:3)
  22 yaks
  A steam dragon (D:8)
  A vampire mosquito (D:14)
  2 acid dragons
  6 nagas
  A water moccasin (Lair:1)
  A black bear (D:8)
  3 orc warriors
  2 ice beasts
  6 wolves
  8 centaurs
  A bullfrog (Lair:3)
  3 wights
  6 killer bees
  3 jellies (Lair:5)
  An orc priest (D:8)
  An orc wizard (Orc:1)
  3 gnolls
  2 orcs
176 creatures vanquished.

Vanquished Creatures (others)
  27 knights
  An ancestor (D:6)
  A demonic plant (Gauntlet)
  33 fungi
  93 plants
  13 tentacles (Shoals:3)
168 creatures vanquished.

Grand Total: 1232 creatures vanquished

Notes
Turn   | Place    | Note
-------+----------+-------------------------------------------
     0 | D:1      | Ajdolov the Spriggan Hunter began the quest for the Orb.
     0 | D:1      | Reached XP level 1. HP: 10/10 MP: 2/2
    97 | D:1      | Reached skill level 5 in Slings
   193 | D:1      | Reached XP level 2. HP: 14/14 MP: 3/3
   489 | D:1      | Found a faded altar of an unknown god.
   832 | D:2      | Reached XP level 3. HP: 18/18 MP: 4/4
  1498 | D:2      | Reached XP level 4. HP: 22/22 MP: 5/5
  1997 | D:2      | Found a runed translucent door.
  1998 | D:2      | Noticed Crazy Yiuf
  2166 | D:2      | Killed Crazy Yiuf
  2167 | D:2      | Reached XP level 5. HP: 25/25 MP: 6/6
  2841 | D:3      | Identified the +8 trident "Zopy Zegh" {venom, *Slow +Blink
                  | Int+3}
  3271 | D:4      | Noticed Duvessa
  3271 | D:4      | Noticed Dowan
  3285 | D:4      | Noticed a phantom
  3328 | D:4      | Found a hazy altar of Hepliaklqana.
  3356 | D:4      | Became a worshipper of Hepliaklqana the Forgotten
  3462 | D:4      | Noticed Edmund
  3475 | D:4      | Found a glowing silver altar of Zin.
  3582 | D:4      | Reached skill level 5 in Stealth
  3801 | D:4      | Noticed Menkaure
  4377 | D:5      | Entered Level 5 of the Dungeon
  4386 | D:5      | Reached XP level 6. HP: 29/30 MP: 7/7
  4543 | D:4      | Reached XP level 7. HP: 30/33 MP: 8/8
  5001 | D:5      | Noticed Ijyb
  5006 | D:5      | Found Konutapt's Distillery.
  5010 | D:5      | Noticed Grinder
  5319 | D:5      | Reached skill level 10 in Slings
  5670 | D:5      | Reached XP level 8. HP: 37/37 MP: 9/9
  5706 | D:5      | Reached * piety under Hepliaklqana
  5876 | D:6      | Noticed Sigmund
  6034 | D:6      | Killed Sigmund
  6386 | D:6      | Found an opulent altar of Gozag.
  7050 | D:6      | Noticed Pikel
  7081 | D:6      | Killed Pikel
  7082 | D:6      | Reached skill level 10 in Stealth
  7082 | D:6      | Reached XP level 9. HP: 36/36 MP: 7/10
  8015 | D:7      | Reached ** piety under Hepliaklqana
  8016 | D:7      | Remembered your ancestor Octavius as a knight
  8485 | D:7      | Found a staircase to the Ecumenical Temple.
  8686 | D:5      | Killed Ijyb
  8746 | D:4      | Killed Edmund
  8992 | D:8      | Reached skill level 15 in Slings
  9013 | D:8      | Found a shimmering altar of Xom.
  9079 | D:8      | Reached XP level 10. HP: 34/41 MP: 11/11
  9478 | D:8      | Noticed a purple ugly thing
  9491 | D:8      | Killed a purple ugly thing
  9671 | D:8      | Found a glowing golden altar of the Shining One.
  9750 | D:8      | Found Cudam's Magic Scroll Shoppe.
  9770 | D:8      | Reached skill level 5 in Dodging
  9812 | D:8      | Bought a scroll of blinking for 90 gold pieces
  9812 | D:8      | Bought a scroll of teleportation for 36 gold pieces
  9812 | D:8      | Bought a scroll of blinking for 90 gold pieces
  9812 | D:8      | Bought a scroll of fear for 42 gold pieces
  9819 | D:8      | Bought a scroll of identify for 24 gold pieces
  9819 | D:8      | Bought a scroll of identify for 24 gold pieces
 10058 | D:8      | Found an iron altar of Okawaru.
 10804 | D:9      | Found a staircase to the Lair.
 11010 | D:9      | Reached XP level 11. HP: 48/48 MP: 12/12
 11022 | D:9      | Reached *** piety under Hepliaklqana
 11124 | D:9      | Found a transporter.
 11234 | D:9      | Found a transporter.
 11318 | D:9      | Found a transporter.
 11374 | D:9      | Found a transporter.
 11416 | D:9      | Found a transporter.
 11417 | D:9      | Found a transporter.
 11739 | D:9      | Found a runed translucent door.
 11740 | D:9      | Noticed Gnu's ghost (novice MiFi)
 11765 | D:9      | Found a blossoming altar of Fedhas.
 11888 | D:9      | Reached skill level 10 in Dodging
 11988 | D:10     | Entered Level 10 of the Dungeon
 12477 | D:10     | Noticed a two-headed ogre
 12488 | D:10     | Killed a two-headed ogre
 12489 | D:10     | Reached skill level 5 in Fighting
 13104 | D:11     | Identified the +5 ring mail of Submission {*Slow rC++ Str+4
                  | SInv}
 13257 | D:11     | Reached **** piety under Hepliaklqana
 13292 | D:11     | Found Hawochuh's Antique Weapon Boutique.
 13642 | D:11     | Noticed a centaur warrior
 13715 | D:11     | Killed a centaur warrior
 14815 | Lair:1   | Entered Level 1 of the Lair of Beasts
 14916 | Lair:1   | Noticed a six-headed hydra
 14938 | Lair:1   | Killed a six-headed hydra
 14974 | Lair:1   | Reached XP level 12. HP: 55/55 MP: 13/13
 14991 | Lair:1   | Noticed Nergalle
 15008 | Lair:1   | Killed Nergalle
 15318 | Lair:1   | Reached skill level 15 in Dodging
 15973 | Lair:2   | Noticed a catoblepas
 16276 | Lair:2   | Reached ***** piety under Hepliaklqana
 16311 | Lair:2   | Noticed a five-headed hydra
 16328 | Lair:2   | Killed a five-headed hydra
 16379 | Lair:2   | Found the +1 robe of Vines {NoPotionHeal Regen++++}
 16402 | Lair:2   | You fall into a shaft and drop 1 floor!
 17088 | Lair:2   | Noticed an eight-headed hydra
 17103 | Lair:2   | Killed an eight-headed hydra
 17510 | Lair:3   | Reached skill level 10 in Fighting
 17524 | Lair:3   | Found a staircase to the Snake Pit.
 18159 | Lair:4   | Reached XP level 13. HP: 65/65 MP: 11/14
 18215 | Lair:4   | Found a staircase to the Shoals.
 18403 | Lair:4   | Reached skill level 1 in Evocations
 18565 | Lair:4   | Reached skill level 1 in Armour
 18565 | Lair:4   | Reached skill level 1 in Invocations
 18751 | Lair:4   | Noticed Kirke
 18771 | Lair:4   | Killed Kirke
 19741 | Lair:5   | Noticed Josephine
 19751 | Lair:5   | Killed Josephine
 19841 | Lair:5   | Found a staircase to the Slime Pits.
 20040 | Lair:5   | Reached ****** piety under Hepliaklqana
 20208 | Lair:6   | Entered Level 6 of the Lair of Beasts
 20208 | Lair:6   | Noticed Snorg
 20265 | Lair:5   | Killed Snorg
 20846 | Lair:6   | Reached skill level 5 in Evocations
 21276 | Lair:6   | Reached skill level 5 in Armour
 21387 | Lair:6   | Reached skill level 5 in Invocations
 21735 | Lair:6   | Reached XP level 14. HP: 69/69 MP: 16/18
 21879 | Lair:6   | Identified a scroll of acquirement
 21880 | Lair:6   | Acquired a +4 fustibalus of flaming
 21914 | Lair:6   | Reached skill level 10 in Evocations
 22673 | D:12     | Found a staircase to the Orcish Mines.
 22824 | D:12     | Identified the +4 broad axe "Bistrudaw" {freeze, rC+}
 23804 | D:13     | Noticed Sonja
 23808 | D:13     | Killed Sonja
 24276 | D:13     | Found a gate to the Vaults.
 25637 | D:15     | Entered Level 15 of the Dungeon
 25749 | D:15     | Reached XP level 15. HP: 72/72 MP: 17/19
 25832 | D:15     | Found a gate leading to a gauntlet.
 25853 | Gauntlet | Entered a Gauntlet
 25853 | Gauntlet | Found a transporter.
 25853 | Gauntlet | Found a transporter.
 25855 | Gauntlet | Found a transporter.
 25856 | Gauntlet | Found a transporter.
 25859 | Gauntlet | Found a transporter.
 25859 | Gauntlet | Found a transporter.
 25889 | Gauntlet | Found a transporter.
 25893 | Gauntlet | Found a transporter.
 25901 | Gauntlet | Found a transporter.
 25920 | Gauntlet | Found a transporter.
 25931 | Gauntlet | Found a transporter.
 25935 | Gauntlet | Found a transporter.
 26313 | Gauntlet | Identified the ring of the Scarab {rC++ Int-4 Dex+6}
 26597 | Gauntlet | Identified the amulet of Lotta {RegenMP Will- Slay+3 SInv}
 26615 | Gauntlet | Identified the +7 spear of the Devouring Goat {venom, rN+
                  | Int+2 SInv Stlth+}
 26615 | Gauntlet | Identified the +6 leather armour of the Amoeba {rC+ Slay+2
                  | Stlth+}
 26964 | D:15     | Acquired a manual of Evocations
 27465 | D:15     | Found a staircase to the Depths.
 27796 | Orc:1    | Entered Level 1 of the Orcish Mines
 28028 | Orc:2    | Entered Level 2 of the Orcish Mines
 28040 | Orc:2    | Found a staircase to the Elven Halls.
 28627 | Orc:2    | Found Tugum's Distillery.
 28627 | Orc:2    | Found Casaper's Book Shoppe.
 28628 | Orc:2    | Found Piarischu's Magic Scroll Shoppe.
 28628 | Orc:2    | Found Osazevuq's Book Emporium.
 28637 | Orc:2    | Bought a scroll of teleportation for 45 gold pieces
 29945 | Orc:1    | Noticed Jorgrun
 29955 | Orc:1    | Killed Jorgrun
 30253 | Snake:1  | Entered Level 1 of the Snake Pit
 30472 | Snake:1  | Reached skill level 15 in Stealth
 30701 | Snake:1  | Identified the ring of Eternal Night {rC+ Str+6 SInv}
 30709 | Snake:1  | Found Baskivos's Jewellery Shop.
 30710 | Snake:1  | Found Dag Soen's Book Emporium.
 30712 | Snake:1  | Found Byptept's Jewellery Shop.
 30769 | Snake:1  | You fall into a shaft and drop 1 floor!
 30861 | Snake:2  | Noticed Vashnia
 31029 | Snake:2  | Found Xoibucy's Distillery.
 31084 | Snake:2  | Killed Vashnia
 31276 | Snake:2  | Reached XP level 16. HP: 77/77 MP: 20/20
 31869 | Snake:2  | Reached skill level 15 in Evocations
 32716 | Snake:3  | Noticed Louise
 32738 | Snake:3  | Killed Louise
 33033 | Snake:3  | Found a runed translucent gate.
 33034 | Snake:3  | Found a runed translucent gate.
 33036 | Snake:3  | Found a runed translucent gate.
 33038 | Snake:3  | Noticed Ajdolov's ghost (adept OgFE)
 33039 | Snake:3  | Noticed kipponium's ghost (adept DsBe)
 33739 | Snake:4  | Entered Level 4 of the Snake Pit
 34509 | Snake:4  | Found Bakhla's Weapon Emporium.
 34517 | Snake:4  | Bought 4 curare-tipped darts for 33 gold pieces
 35306 | Snake:4  | Reached XP level 17. HP: 74/85 MP: 21/21
 35835 | Snake:4  | Got a serpentine rune of Zot
 36458 | Shoals:1 | Entered Level 1 of the Shoals
 36744 | Shoals:1 | Identified the +1 robe "Ohylitir" {rC++ rCorr Str-5 Dex+3}
 37606 | Shoals:2 | Reached skill level 15 in Fighting
 37945 | Shoals:3 | Noticed Ilsuiw
 37964 | Shoals:3 | Killed Ilsuiw
 37992 | Shoals:3 | Identified the +8 ice dragon scales of Watchfulness {rF-
                  | rC++ Will+}
 38179 | Shoals:3 | Noticed a kraken
 38281 | Shoals:3 | Killed a kraken
 38440 | Shoals:3 | Noticed Polyphemus
 38457 | Shoals:3 | Killed Polyphemus
 38732 | D:8      | Bought a scroll of enchant weapon for 90 gold pieces
 39390 | Shoals:4 | Entered Level 4 of the Shoals
 39454 | Shoals:4 | Paralysed by an air elemental for 1 turns
 39959 | Shoals:4 | Reached XP level 18. HP: 93/93 MP: 25/25
 40523 | Shoals:4 | Identified the ring of the Lachrymose God {Ice Dex+2 SInv}
 40555 | Shoals:4 | Identified the +9 short sword of the Inquisitive Realms
                  | {flame, Fly}
 40697 | Shoals:4 | Got a barnacled rune of Zot
 40949 | Shoals:4 | Reached skill level 10 in Invocations
 41329 | Vaults:1 | Entered Level 1 of the Vaults
 42105 | Snake:1  | Bought a ring of protection from fire for 325 gold pieces
 43319 | Vaults:1 | You fall into a shaft and drop 1 floor!
 43495 | Vaults:1 | Killed from afar by a tengu reaver

Illustrated notes

Levels and vault maps discovered:
D:1:      dpeg_arrival_water_fire, layout_basic,
          hellmonk_ecumenical_altar_inner_sanctum
D:2:      wad_crossroads, layout_basic, uniq_crazy_yiuf_cottage
D:3:      layout_basic, kennysheep_another_room, ebering_dispersal_statue_hall
D:4:      nicolae_cairo_tiling, layout_cave_pools, amcnicky_altar_gilded,
          zin_treasury, minmay_parallelograms, nrook_loot_triangle,
          uniq_duvessa, uniq_edmund, uniq_menkaure
D:5:      kb_forest_paths, layout_cave_pools, serial_shops, nicolae_shop_trees,
          uniq_grinder, uniq_ijyb
D:6:      layout_basic, nicolae_gozag_seed_capital, uniq_pikel, uniq_sigmund
D:7:      layout_basic, minmay_temple_entry_poolview
D:8:      layout_basic, okawaru_altar_gauntlet_db, mainiacjoe_overflow_swirl,
          serial_shops, shop_fountains
D:9:      layout_loops_corners, lemuel_coloured_pillars_altar,
          erik_lair_orcish_takeover, ebering_ghost_inner_flame,
          kennysheep_doodads, small_statue_intersection, serial_nicolae_subway,
          nicolae_sub_station_stone, nicolae_sub_station_crystal,
          nicolae_sub_station_metal
D:10:     layout_loops_corners, special_room [special_room_orc], fountainhead
D:11:     nrook_guardian_serpent_snake_passage, layout_loops_cross,
          serial_shops, nicolae_shop_statue_plus, centaur_isle
D:12:     minmay_coctagon, layout_rooms, hiddenorc1_lemuel,
          hangedman_corner_corridor
D:13:     layout_roguey, david_vaults_4, serial_corexii_hall,
          corexii_hall_statues_x, corexii_hall_statues_t,
          corexii_hall_statues_t, corexii_hall_statues_l, uniq_sonja
D:14:     layout_roguey, serial_park_tiny_pond
D:15:     hangedman_depths_entry_civil_slaughter, layout_loops_corners,
          serial_ice, serial_ice_d, serial_ice_h, serial_ice_n, serial_ice_m,
          serial_ice_c, serial_ice_g, gauntlet_entry_generic,
          minmay_misc_feat_plants, hangedman_decor_peaks_small
Lair:1:   layout_loops_ring, nicolae_lair_lindhole, grunt_megastairs_5,
          uniq_nergalle
Lair:2:   layout_layer_cave, hellmonk_guarded_unrand_vines, lemuel_fruit_tree
Lair:3:   layout_concentric_octagons, guppyfry_snake_entry_garden
Lair:4:   layout_cave_pods, minmay_shoals_entry_centaurs,
          minmay_lair_oklob_bushes, uniq_kirke
Lair:5:   layout_loops_ring, nicolae_slime_entry_slimehenge, uniq_josephine
Lair:6:   grunt_lair_end_beastmaster, layout_gridlike, uniq_snorg
Shoals:1: layout_shoals, nicolae_shoals_secluded_bog
Shoals:2: layout_shoals
Shoals:3: layout_shoals, uniq_ilsuiw, uniq_polyphemus
Shoals:4: shoals_end_hellmonk_storm_palace [storm_palace_center_circular,
          storm_palace_corner_reverse_hut, storm_palace_corner_pillars,
          storm_palace_corner_narrow, storm_palace_corner_blocked]
Snake:1:  layout_gridlike, grunt_megastairs_4, minmay_shop_grove
Snake:2:  layout_chambers, serial_shops, shop_statue, uniq_vashnia
Snake:3:  layout_cave_town, gammafunk_ghost_cemetery, uniq_louise
Snake:4:  johnstein_snake_rune_scales, layout_cave_pods, serial_shops, shop
Orc:1:    layout_caves, basic_altar, uniq_jorgrun
Orc:2:    st_orc_pillars, layout_diamond_mine, basic_altar, roderic_batcave,
          nicolae_orc_pool_cavern
Vaults:1: nicolae_vaults_asterisk, v_misc_31, vaults_mumra_chevron_long,
          v_rooms_1, nicolae_vaults_what_the_h,
          nicolae_vaults_ring_of_whatevers, ontoclasm_vaults_decontamination,
          vaults_mumra_chevron, nicolae_vaults_stairing_the_circle,
          special_room_vaults [special_room_orc],
          nicolae_vaults_little_squares_1, layout_vaults_omnicross
Vaults:2: v_misc_28, minmay_crypt_entry_simple_walls, vaults_room_octagon,
          grunt_vaults_hallway_long, nicolae_vaults_ninety_degrees,
          vaults_room_grid, vaults_dpeg_ring, v_pattern_1,
          grunt_vaults_diagonal, v_rooms_5, v_misc_4,
          vaults_mumra_minichess_inversion, vaults_room_grid,
          layout_vaults_omnibox, serial_shops, shop, uniq_nikola

Skill      XL: |  1  2  3  4  5  6  7  8  9 10 11 12 13 14 15 16 17 18 |
---------------+-------------------------------------------------------+-----
Slings         | 5 6 7 8 10 12 15 16 18 | 18.0
Stealth        | 2 3 4 5 6 8 10 12 15 16 20 | 20.0
Fighting       | 4 6 10 13 15 | 15.0
Dodging        | 9 14 15 17 20 | 20.0
Evocations     | 9 10 14 20 | 20.0
Armour         | 5 6 |  6.5
Invocations    | 5 8 10 | 10.0

Action                   |  1- 3 |  4- 6 |  7- 9 | 10-12 | 13-15 | 16-18 || total
-------------------------+-------+-------+-------+-------+-------+-------++-------
 Fire: Hunting sling     |    73 |   186 |   377 |   878 |   542 |       ||  2056
       Fustibalus        |       |       |       |       |   899 |  1581 ||  2480
Throw: Dart              |       |       |     7 |     4 |     3 |     3 ||    17
Invok: Recall Ancestor   |       |       |    12 |    17 |    33 |    19 ||    81
       Ancestor Life: Kn |       |       |     1 |       |       |       ||     1
       Idealise          |       |       |       |       |     1 |     4 ||     5
Evoke: Wand              |       |       |       |     3 |     1 |     6 ||    10
  Use: Scroll            |       |       |       |    18 |    13 |     4 ||    35
       Potion            |       |       |       |     1 |     1 |     1 ||     3
Armor: Robe              |     4 |     4 |     8 |     1 |       |       ||    17
       Troll leather arm |       |       |       |     5 |    12 |    14 ||    31
Dodge: Dodged            |    20 |    35 |    45 |   161 |   197 |   354 ||   812

Table legend: (Time is in decaauts)
 A = Elapsed time spent in this place.
 B = Non-inter-level travel time spent in this place.
 C = Inter-level travel time spent in this place.
 D = Time resting spent in this place.
 E = Time spent auto-exploring this place.
 F = Levels seen in this place.
 G = Mean time per level.
                   A        B        C        D        E       F      G
               +--------+--------+--------+--------+--------+-----+--------+
         Total |  31136 |  28308 |   2828 |   6803 |  12958 |  34 |  915.8 |
       Dungeon |  14652 |  13087 |   1565 |   2833 |   6884 |  15 |  976.8 |
          Lair |   5527 |   4829 |    698 |    729 |   2342 |   6 |  921.2 |
        Shoals |   3258 |   3046 |    212 |    820 |   1208 |   4 |  814.5 |
     Snake Pit |   4533 |   4331 |    202 |   1250 |   1697 |   4 | 1133.2 |
  Orcish Mines |   1702 |   1576 |    126 |    662 |    498 |   2 |  851.0 |
        Vaults |    779 |    756 |     23 |     79 |    304 |   2 |  389.5 |
      Gauntlet |    683 |    683 |      0 |    428 |     22 |   1 |  683.0 |
               +--------+--------+--------+--------+--------+-----+--------+

Top non-repeatable levels by time:
     D:8: 1535 daAuts
 Snake:4: 1411 daAuts
    D:11: 1271 daAuts
 Snake:2: 1263 daAuts
     D:5: 1224 daAuts
Shoals:4: 1210 daAuts
   Orc:2: 1198 daAuts
     D:6: 1193 daAuts
  Lair:6: 1191 daAuts
     D:2: 1191 daAuts
    D:10: 1084 daAuts
 Snake:3: 1078 daAuts
  Lair:2: 1045 daAuts
  Lair:1: 995 daAuts
     D:9: 986 daAuts
